 Dungeon Crawl Stone Soup version 0.21.0-3-g78d12a8 (webtiles) character file.

341 IksarHS the Skirmisher (level 6, -2/40 HPs)
             Began as a Gargoyle Monk on Jan 14, 2018.
             Was a Believer of the Shining One.
             Killed by divine providence
             ... invoked by an orc priest
              (15 damage)
             ... on level 4 of the Dungeon.
             The game lasted 00:07:42 (3370 turns).

IksarHS the Skirmisher (Gargoyle Monk)              Turns: 3370, Time: 00:07:43

Health: -2/40      AC: 11    Str: 16    XL:     6   Next: 56%
Magic:  3/6        EV: 10    Int: 11    God:    the Shining One [**....]
Gold:   83         SH:  6    Dex: 12    Spells: 5/5 levels left

rFire    . . .     SeeInvis +   q - +0 quarterstaff
rCold    . . .     Gourm    .   (shield currently unavailable)
rNeg     + + .     Faith    .   o - +0 scale mail
rPois    ∞         Spirit   .   (no helmet)
rElec    +         Reflect  .   (no cloak)
rCorr    .         Harm     .   (no gloves)
MR       .....                  (no boots)
Stlth    +.........             (no amulet)
HPRegen  0.13/turn              A - ring of stealth
MPRegen  0.10/turn              h - ring of see invisible

@: divine shield, glowing
A: negative energy resistance 1, electricity resistance, unbreathing,
petrification resistance, rot immunity, AC +4
a: Divine Shield, Renounce Religion


You were on level 4 of the Dungeon.
You worshipped the Shining One.
The Shining One was pleased with you.
You were not hungry.

You visited 1 branch of the dungeon, and saw 4 of its levels.

You collected 83 gold pieces.

Inventory:

Hand Weapons
 a - a +0 mace
 q - a +0 quarterstaff (weapon)
Armour
 b - a +0 robe
 o - a +0 scale mail (worn)
Jewellery
 g - an uncursed ring of wizardry
 h - a ring of see invisible (right hand)
 A - a ring of stealth (left hand)
Scrolls
 d - a scroll of remove curse {unknown}
 e - 3 scrolls of teleportation {unknown}
 f - 2 scrolls of amnesia {unknown}
 j - a scroll of enchant weapon {unknown}
 l - 4 scrolls of identify {unknown}
 m - a scroll of magic mapping {unknown}
 p - a scroll of immolation {unknown}
 t - a scroll of blinking {unknown}
 v - 2 scrolls of fear {unknown}
 y - a scroll of noise {unknown}
 z - a scroll of fog {unknown}
Potions
 i - a potion of curing {unknown}
 k - 3 potions of heal wounds {unknown}
 n - a potion of berserk rage {unknown}
 r - a potion of magic {unknown}
 s - a potion of invisibility {unknown}
 u - 3 potions of flight {unknown}
 w - 2 potions of cancellation {unknown}
Comestibles
 c - 6 rations


   Skills:
 + Level 5.3 Fighting
 + Level 4.5 Maces & Flails
 + Level 4.0 Armour
 - Level 2.4 Dodging
 - Level 2.1 Stealth


You had 5 spell levels left.
You didn't know any spells.

Dungeon Overview and Level Annotations

Branches:
Dungeon (4/15)
 Temple: D:4-7

Altars:
Fedhas
Uskayaw
Zin
The Shining One


Innate Abilities, Weirdness & Mutations

You are resistant to torment.
Your stone body is resilient. (AC +4)
You are immune to poison.
You resist negative energy. (rN+)
You are resistant to electric shocks. (rElec)
You can survive without breathing.
You are immune to petrification.
You are immune to rotting.


Message History

The orc hits you with a short sword.
* * * LOW HITPOINT WARNING * * *
You hit the orc.
The orc is heavily wounded.
You hit the orc wizard.
The orc wizard is lightly wounded.
You hit the orc wizard.
The orc wizard is heavily wounded.
The orc wizard closely misses you. The orc wizard barely misses you.
You hit the orc wizard.
The orc wizard is severely wounded.
The orc wizard gestures wildly while chanting.
The orc wizard blinks!
You hit the orc.
The orc is severely wounded.
The orc priest looks encouraged for a moment.
The orc closely misses you.
The orc priest calls down the wrath of Beogh upon you.
Beogh smites you!
You die...

######.#
#......##
#.......#
#.......#
#.......##
#######..#
##.## #..#
##@# #o#
......owo#
.........#
#.........
'=......#.#
###..####..
oo#.. #[.
###.. ..#


You could see an orc priest, 2 orc wizards, a dart slug and an orc.

Vanquished Creatures
  2 orc priests (D:3)
  A bullfrog skeleton (D:3)
  3 orc wizards
  Terence (D:3)
  4 adders
  2 oozes
  6 worms
  2 dart slugs
  4 leopard geckos
  7 orcs
  2 giant cockroaches (D:3)
  8 goblins
  5 hobgoblins
  4 jackals (D:3)
  7 kobolds
  A quokka (D:3)
  4 bats
  6 frilled lizards
  A leopard gecko skeleton (D:4)
  A quokka skeleton (D:4)
  15 rats
86 creatures vanquished.

Notes
Turn   | Place    | Note
-------+----------+-------------------------------------------
     0 | D:1      | IksarHS the Gargoyle Monk began the quest for the Orb.
     0 | D:1      | Reached XP level 1. HP: 14/14 MP: 1/1
   180 | D:1      | Reached skill level 1 in Armour
   180 | D:1      | Reached XP level 2. HP: 16/19 MP: 2/2
   643 | D:1      | Reached XP level 3. HP: 24/24 MP: 3/3
   938 | D:2      | Found a glowing silver altar of Zin.
   958 | D:2      | Reached skill level 4 in Fighting
  1116 | D:2      | Reached XP level 4. HP: 27/29 MP: 4/4
  1395 | D:2      | Found a hide-covered altar of Uskayaw.
  1395 | D:2      | Found a blossoming altar of Fedhas.
  1929 | D:3      | Reached XP level 5. HP: 19/34 MP: 5/5
  1957 | D:3      | HP: 1/34 [worm (3)]
  2684 | D:3      | Reached skill level 5 in Fighting
  2684 | D:3      | Reached XP level 6. HP: 39/40 MP: 6/6
  2702 | D:3      | Noticed Terence
  2714 | D:3      | Killed Terence
  2938 | D:3      | Found a glowing golden altar of the Shining One.
  3216 | D:3      | Became a worshipper of the Shining One
  3216 | D:3      | Reached * piety under the Shining One
  3216 | D:3      | Reached ** piety under the Shining One
  3370 | D:4      | Killed from afar by an orc priest

Skill      XL: |  1  2  3  4  5  6 |
---------------+-------------------+-----
Armour         | 1 2 3 4 |  4.0
Fighting       | 4 5 |  5.3
Maces & Flails | 4 |  4.5
Dodging        | |  2.4
Stealth        | |  2.1

Action                   |  1- 3 |  4- 6 || total
-------------------------+-------+-------++-------
Melee: Mace              |    43 |       ||    43
       Quarterstaff      |    59 |   204 ||   263
Invok: Divine Shield     |       |     1 ||     1
 Stab: Sleeping          |     7 |       ||     7
  Eat: Chunk             |     1 |     3 ||     4
       Ration            |       |     2 ||     2
Armor: Robe              |     7 |       ||     7
       Scale mail        |    43 |   150 ||   193
Dodge: Dodged            |    50 |   159 ||   209
